 Dungeon Crawl Stone Soup version 0.29-a0-617-g7a6b98fccd (webtiles) character file.

Game seed: 8292847017227139059

137 YayAnonymity the Shield-Bearer (level 5, -4/42 HPs)
             Began as a Formicid Fighter on June 17, 2022.
             Killed from afar by a white imp (5 damage)
             ... with a puff of frost
             ... summoned by Natasha
             ... on level 3 of the Dungeon.
             The game lasted 00:03:19 (2493 turns).

YayAnonymity the Shield-Bearer (Formicid Fighter)   Turns: 2493, Time: 00:03:19

Health: -4/42      AC:  0    Str: 22    XL:     5   Next: 44%
Magic:  5/5        EV: 14    Int:  8    God:
Gold:   129        SH:  0    Dex: 13    Spells: 4/4 levels left

rFire   . . .      SeeInvis .   (weapon currently unavailable)
rCold   . . .      Faith    .   (shield currently unavailable)
rNeg    . . .      Spirit   .   (body armour currently unavailable)
rPois   .          Reflect  .   (helmet unavailable)
rElec   .          Harm     .   (cloak currently unavailable)
rCorr   .          Rampage  .   (gloves currently unavailable)
Will    .....                   (boots currently unavailable)
Stlth   +.........              (no amulet)
HPRegen 0.14/turn               (ring currently unavailable)
MPRegen 0.09/turn               (ring currently unavailable)

@: pig-form, very quick
A: fast, no casting, permanent stasis, dig shafts and tunnels, small, (antennae
3), four strong arms
a: no special abilities


You were on level 3 of the Dungeon.
You were a filthy swine.
You visited 1 branch of the dungeon, and saw 3 of its levels.

You collected 129 gold pieces.

Inventory:

Hand Weapons
 a - a +0 war axe (melded)
Missiles
 n - 2 throwing nets
 p - 6 silver boomerangs
 s - 3 boomerangs
Armour
 b - a +0 scale mail (melded)
 c - a +0 buckler (melded)
 f - a +0 cloak (melded)
Wands
 q - a wand of mindburst (22)
Scrolls
 e - 5 scrolls of identify {unknown}
 h - a scroll of vulnerability {unknown}
 i - 2 scrolls of noise {unknown}
 k - a scroll of immolation {unknown}
 m - a scroll of blinking {unknown}
 o - a scroll of amnesia {unknown}
 r - 2 scrolls of teleportation {unknown}
Potions
 d - a potion of might
 g - 2 potions of curing {unknown}
 j - a potion of flight {unknown}
 l - a potion of resistance {unknown}


   Skills:
 + Level 3.9 Fighting
 * Level 3.5 Axes
 + Level 3.8 Armour
 + Level 1.4 Dodging
 + Level 4.7 Shields


You had 4 spell levels left.
You didn't know any spells.
Your spell library was empty.

Dungeon Overview and Level Annotations

Branches:
Dungeon (3/15)

Altars:
Gozag
Vehumet

Shops:
D:2 *

Annotations:
D:3 Natasha


Innate Abilities, Weirdness & Mutations

You are a filthy swine.
You move quickly.
Your equipment is almost entirely melded.
You are incapable of wielding weapons or throwing items.
You cannot cast spells.
You cannot be hasted, slowed, berserked, paralysed or teleported.
You can dig through walls and to a lower floor.
((You have a pair of large antennae on your head. (SInv)))
Your four strong arms can wield two-handed weapons with a shield.


Message History

You hit Natasha.
Natasha is moderately wounded.
The white imp gestures at you. The puff of frost misses you.
You hit Natasha.
Natasha is heavily wounded.
Natasha stares at you and mumbles some strange words.
The magic dart hits you! The white imp gestures at you.
The puff of frost hits you!
You are too injured to fight recklessly!
You are too injured to fight recklessly!
You are too injured to fight recklessly!
You hit Natasha.
Natasha is heavily wounded.
Natasha claws you. The white imp gestures at you. The puff of frost hits you!
* * * LOW HITPOINT WARNING * * *
You barely miss Natasha.
Natasha is heavily wounded.
Natasha closely misses you. The white imp gestures at you.
The puff of frost misses you.
You hit Natasha.
Natasha is severely wounded.
Natasha misses you. The white imp barely misses you.
You closely miss Natasha.
Natasha is severely wounded.
Natasha mumbles some strange words.
The white imp hits you.
* * * LOW HITPOINT WARNING * * *
The white imp freezes you.
* * * LOW HITPOINT WARNING * * *
You closely miss Natasha.
Natasha is severely wounded.
Natasha barely misses you. The white imp gestures at you.
The puff of frost hits you.
You die...

######### ####.......#
#...)......#
###..........#########
#.....)h5.............
#.#....h.5...###########
#..........# #........
#..........###...^....
#...........##........
###....####.#.........
##...####...........
####.......######.###
##........#....##..###


You could see Natasha, a white imp (summoned) and a shadow imp (summoned).

Vanquished Creatures
  3 adders (D:2)
  3 gnolls
  2 worms (D:2)
  2 dart slugs
  7 orcs
  11 ball pythons
  5 bats
  3 endoplasms (D:1)
  2 giant cockroaches (D:1)
  8 goblins
  4 hobgoblins
  6 kobolds
  A quokka (D:3)
  3 frilled lizards
  2 rats (D:1)
62 creatures vanquished.

Notes
Turn   | Place    | Note
-------+----------+-------------------------------------------
     0 | D:1      | YayAnonymity the Formicid Fighter began the quest for the
                  | Orb.
     0 | D:1      | Reached XP level 1. HP: 18/18 MP: 1/1
   278 | D:1      | Reached XP level 2. HP: 24/24 MP: 2/2
   534 | D:1      | Reached XP level 3. HP: 29/29 MP: 3/3
   668 | D:1      | Found a faded altar of an unknown god.
  1021 | D:2      | Found an opulent altar of Gozag.
  1267 | D:2      | Reached skill level 1 in Dodging
  1267 | D:2      | Reached XP level 4. HP: 36/36 MP: 4/4
  1395 | D:2      | Identified the +1 cloak "Xyseu" {Dex+8}
  1830 | D:2      | Reached XP level 5. HP: 42/42 MP: 5/5
  1860 | D:2      | Found Kizxeom's Assorted Antiques.
  2168 | D:3      | Found a radiant altar of Vehumet.
  2245 | D:3      | Noticed Natasha
  2492 | D:3      | HP: 1/42 [white imp[Natasha] (2)]
  2493 | D:3      | Killed from afar by a white imp

Illustrated notes

Levels and vault maps discovered:
D:1:      scummos_arrival_hexagon, layout_basic,
          hellmonk_ecumenical_altar_heavens_door
D:2:      layout_rooms, serial_shops, shop, basic_altar
D:3:      layout_rooms, general_overflow_altar, uniq_natasha, uniq_grinder

Skill      XL: |  1  2  3  4 |
---------------+-------------+-----
Dodging        | 1 |  1.4
Axes           | 3 |  3.5
Fighting       | |  3.9
Armour         | |  3.8
Shields        | |  4.7

Action                   |  1- 3 |  4- 6 || total
-------------------------+-------+-------++-------
Melee: War axe           |    77 |    84 ||   161
       Unarmed           |       |     8 ||     8
Armor: Scale mail        |    48 |    47 ||    95
Dodge: Dodged            |    34 |    57 ||    91
Block: Buckler           |    25 |    25 ||    50

Table legend: (Time is in decaauts)
 A = Elapsed time spent in this place.
 B = Non-inter-level travel time spent in this place.
 C = Inter-level travel time spent in this place.
 D = Time resting spent in this place.
 E = Time spent auto-exploring this place.
 F = Levels seen in this place.
 G = Mean time per level.
                   A        B        C        D        E       F      G
               +--------+--------+--------+--------+--------+-----+--------+
         Total |   2558 |   2494 |     64 |    705 |   1272 |   3 |  852.7 |
       Dungeon |   2558 |   2494 |     64 |    705 |   1272 |   3 |  852.7 |
               +--------+--------+--------+--------+--------+-----+--------+

Top non-repeatable levels by time:
     D:1: 1272 daAuts
     D:2: 970 daAuts
     D:3: 316 daAuts
